 Dungeon Crawl Stone Soup version 0.18.1-47-g9310371 (webtiles) character file.

1088 GordonOverkill the Covered (level 8, -1/54 HPs)
             Began as a Formicid Wanderer on June 21, 2016.
             Was an Initiate of Makhleb.
             Slain by an orc warrior
             ... wielding a +0 war axe
              (7 damage)
             ... on level 5 of the Dungeon.
             The game lasted 00:17:48 (6686 turns).

GordonOverkill the Covered (Formicid Wanderer)      Turns: 6686, Time: 00:17:49

Health: -1/54      AC: 15    Str: 19    XL:     8   Next: 56%
Magic:  8/8        EV: 13    Int: 18    God:    Makhleb [......]
Gold:   255        SH:  0    Dex: 14    Spells: 0 memorised, 7 levels left

rFire  . . .     SeeInvis +     a - +5 hand axe
rCold  . . .     Gourm    .     m - +0 chain mail
rNeg   . . .     Faith    .     (no shield)
rPois  .         Spirit   .     (helmet unavailable)
rElec  .         Dismiss  .     c - +0 cloak (curse)
rCorr  +         Reflect  .     q - +1 pair of gloves
SustAt .         Harm     .     l - +0 pair of boots
MR     .....                    (no amulet)
Stlth  ..........               (no ring)
                                k - ring of resist corrosion

@: brilliant, agile, not resistant to hostile enchantments, extremely unstealthy
A: permanent stasis, dig shafts and tunnels, four strong arms, antennae 3
a: Dig, Shaft Self, Renounce Religion


You were on level 5 of the Dungeon.
You worshipped Makhleb.
Makhleb was noncommittal.
You were not hungry.

You visited 1 branch of the dungeon, and saw 5 of its levels.
You also visited: Sewer.

You collected 255 gold pieces.

Inventory:

Hand Weapons
 a - a +5 hand axe (weapon)
 v - a +2 vampiric hand axe
Armour
 c - a cursed +0 cloak (worn)
 l - a +0 pair of boots (worn)
 m - a +0 chain mail (worn)
 q - a +1 pair of gloves (worn)
Jewellery
 k - a ring of resist corrosion (left hand)
Scrolls
 f - a scroll of remove curse
 t - 2 scrolls of identify {unknown}
 u - a scroll of amnesia
Potions
 b - 4 potions of brilliance
 g - a potion of degeneration {unknown}
 i - 4 potions of heal wounds {unknown}
 j - a potion of flight {unknown}
 o - 3 potions of haste {unknown}
 p - 4 potions of might {unknown}
 r - a potion of cure mutation {unknown}
Comestibles
 d - 2 bread rations
 h - 3 meat rations
 n - a royal jelly
 s - 9 chunks of flesh


   Skills:
 - Level 1.1 Fighting
 + Level 7.1 Axes
   Level 1.0 Crossbows
 + Level 7.8 Armour
 - Level 1.9 Dodging
 - Level 0.6 Stealth
   Level 2.4 Shields


You had 7 spell levels left.
You didn't know any spells.

Dungeon Overview and Level Annotations

Branches:
Dungeon (5/15)
 Temple: D:4-7

Altars:
Makhleb
Qazlal


Innate Abilities, Weirdness & Mutations

You are under a permanent stasis effect.
You can dig through walls and to a lower floor.
Your four strong arms can wield two-handed weapons with a shield.
You have a pair of large antennae on your head (SInv).


Message History

You are too injured to fight recklessly!
Unknown command.
Drink which item? (? for menu, Esc to quit)
You feel agile all of a sudden.
The orc priest looks braver for a moment.
The orc warrior hits you with a war axe!
* * * LOW HITPOINT WARNING * * *
You extend your mandibles.
You dig through the rock wall.
You dig through the rock wall.
You dig through the rock wall.
Unknown command.
Wield which item (- for none, * to show all)? (? for menu, Esc to quit)
This weapon is vampiric, and you must be Full or above to equip it.
Unknown command.
Drink which item? (? for menu, Esc to quit)
It was a potion of brilliance.
You feel clever all of a sudden.
The orc warrior hits you with a war axe!
You die...

#.##.# .#..#.#
### .#..#.#####
#.. .#........#
#.# .#........#
#o# .#........#
#.# .##..>....#
#.###
.##.#.....#
#{#o##
.##[#.....#
#†{#@#
.##)#.....#
#.####
....).....# #.#
####.###### #.#
.....### #.#
####.#.######.#
#.#.....##.#
#.#.###.##.#
#.#...#.##.###


You could see an orc warrior.

Vanquished Creatures
  The ghost of Kloppie the Cudgeler, an amateur MiBe of Trog (D:3)
  A phantom (D:4)
  3 big kobolds (Sewer)
  An orc priest (D:4)
  A centaur skeleton (D:4)
  2 orc wizards
  A gnoll shaman (D:4)
  Natasha (twice) (D:4)
  2 worker ants
  15 gnolls
  9 adders
  6 river rats
  A shadow imp (D:4)
  5 oozes
  3 worms
  2 dart slugs
  5 giant geckos
  14 orcs
  9 bats
  7 giant cockroaches
  6 hobgoblins
  2 quokkas
  6 ball pythons
  6 giant newts
  10 goblins
  19 kobolds
  22 rats
161 creatures vanquished.

Notes
Turn   | Place    | Note
--------------------------------------------------------------
     0 | D:1      | GordonOverkill the Formicid Wanderer began the quest for the Orb.
     0 | D:1      | GordonOverkill set off with: a +2 hand axe, a +0 ring mail, a potion of curing, a bread ration
     0 | D:1      | Reached XP level 1. HP: 15/15 MP: 1/1
   293 | D:1      | Reached XP level 2. HP: 21/21 MP: 2/2
   707 | D:1      | Reached XP level 3. HP: 12/26 MP: 3/3
  1493 | D:2      | Reached XP level 4. HP: 32/32 MP: 4/4
  2038 | D:2      | Found a stormy altar of Qazlal.
  2088 | D:2      | Reached skill level 1 in Dodging
  2244 | D:2      | Reached XP level 5. HP: 15/37 MP: 5/5
  2973 | D:3      | Reached skill level 5 in Armour
  3167 | D:3      | Reached XP level 6. HP: 28/43 MP: 6/6
  3178 | D:3      | Found a glowing drain.
  3182 | Sewer    | Entered a sewer
  3705 | Sewer    | Reached skill level 5 in Axes
  3736 | Sewer    | Reached XP level 7. HP: 41/48 MP: 7/7
  4399 | D:3      | Noticed Kloppie's ghost (amateur MiBe)
  4435 | D:3      | Killed Kloppie's ghost
  5460 | D:4      | Reached XP level 8. HP: 54/54 MP: 8/8
  6353 | D:4      | Noticed Natasha
  6365 | D:4      | Killed Natasha
  6369 | D:4      | Found a burning altar of Makhleb.
  6382 | D:4      | Became a worshipper of Makhleb the Destroyer
  6453 | D:4      | Noticed Natasha
  6462 | D:4      | Killed Natasha
  6571 | D:5      | Entered Level 5 of the Dungeon
  6686 | D:5      | Slain by an orc warrior

Skill      XL: |  1  2  3  4  5  6  7  8 |
---------------+-------------------------+-----
Armour         | 4 5 6 7 |  7.8
Dodging        | 1 |  1.9
Axes           | 4 5 6 7 |  7.1
Fighting       | |  1.1
Crossbows      | |  1.0
Stealth        | |  0.6
Shields        | |  2.4

Action                   |  1- 3 |  4- 6 |  7- 9 || total
-------------------------+-------+-------+-------++-------
Melee: Hand axe          |    62 |   324 |   280 ||   666
 Abil: Dig               |     1 |     3 |     3 ||     7
  Use: Scroll            |     1 |     6 |     4 ||    11
       Potion            |       |     1 |     5 ||     6
  Eat: Chunk             |     2 |     8 |    10 ||    20
Armor: Ring mail         |    25 |    35 |       ||    60
       Chain mail        |       |   158 |   133 ||   291
Dodge: Dodged            |    25 |   146 |    93 ||   264
